cohdb
Replays
Latest Replays
All Replays
Popular Replays
Top Player Replays
Match Explorer
How It Works
Community
CoH3 Stats
Reddit
Sign in to upload your games and track your stats! →
Sign in with Steam
Match 34294102
Unlisted
Match 34294102
Overview
Messages
Build Orders
End
Engineer Squad
Construct Barracks
Riflemen Squad
M1 Mortar Team
Grenade Package
Riflemen Squad
Riflemen Squad
Construct Weapon Support Center
Mechanized Support Center
Selects Advanced Infantry Battlegroup
Selects Convert to Ranger Squad
Selects Frontline Medical Station
.30 cal Machine Gun
M3 75 mm Gun Motor Carriage
Frontline Medical Station
Construct Motor Pool
M1918 Browning Automatic Rifles
M1 Anti-tank Gun Team
Selects Infantry Assault
Infantry Assault
M8 Greyhound Armored Car
.30 cal Machine Gun
.30 cal Machine Gun
M1 Anti-tank Gun Team
Mortar Pit
Construct Tank Depot
Selects Ammunition Storage
Selects M2A1 105mm Howitzer Emplacement
Riflemen Squad
M4A1 76mm Conversion
M4A1 Sherman Medium Tank
Engineer Squad
M4A1(76) Sherman Medium Tank
.30 cal Machine Gun
M4A1(76) Sherman Medium Tank
oberlet
otchimus prime
gUi
UH|ck
insane
iceman
0
0
Comments
sign in to comment!
No comments posted yet!